 Dungeon Crawl Stone Soup version 0.24.1-14-gf8d2b509d9 (webtiles) character file.

Game seed: 4096177528557253405, levelgen mode: deterministic

75 Gabide the Skirmisher (level 4, -1/29 HPs)
             Began as a Kobold Fighter on May 22, 2020.
             Succumbed to an orc wizard's poison
             ... on level 2 of the Dungeon.
             The game lasted 00:02:07 (1436 turns).

Gabide the Skirmisher (Kobold Fighter)              Turns: 1436, Time: 00:02:08

Health: -1/29      AC:  6    Str: 19    XL:     4   Next: 55%
Magic:  4/4        EV:  9    Int:  9    God:
Gold:   130        SH:  9    Dex: 14    Spells: 3/3 levels left

rFire    . . .     SeeInvis .   a - +0 flail
rCold    . . .     Gourm    +   c - +0 shield
rNeg     . . .     Faith    .   b - +0 scale mail
rPois    .         Spirit   .   (no helmet)
rElec    .         Reflect  .   (no cloak)
rCorr    .         Harm     .   (no gloves)
MR       .....                  (no boots)
Stlth    ..........             e - amulet of the gourmand
HPRegen  0.09/turn              (no ring)
MPRegen  0.09/turn              (no ring)

@: mighty, lethally poisoned (-1 -> -38)
A: small, carnivore
a: no special abilities


You were on level 2 of the Dungeon.
You were completely stuffed.

You visited 1 branch of the dungeon, and saw 2 of its levels.

You collected 130 gold pieces.

Inventory:

Hand Weapons
 a - a +0 flail (weapon)
Missiles
 h - 2 throwing nets (quivered)
Armour
 b - a +0 scale mail (worn)
 c - a +0 shield (worn)
Jewellery
 e - an amulet of the gourmand (around neck)
Scrolls
 g - a scroll of teleportation
 i - a scroll of enchant armour {unknown}
 l - a scroll of fog {unknown}
Potions
 d - a potion of might
Comestibles
 f - 3 rations


   Skills:
 + Level 3.6 Fighting
 + Level 2.7 Maces & Flails
 + Level 2.8 Armour
 + Level 1.1 Dodging
 + Level 2.9 Shields


You had 3 spell levels left.
You didn't know any spells.
Your spell library was empty.

Dungeon Overview and Level Annotations

Branches:
Dungeon (2/15)

Altars:


Innate Abilities, Weirdness & Mutations

You are small and have problems with some larger weapons.
You are carnivorous and can eat meat at any time.


Message History

You closely miss something.
You feel very sick. Something hits you.
You are more poisoned.
You hear some strange, mumbled words.
A puff of flame appears from out of thin air!
The puff of flame hits you!
* * * LOW HITPOINT WARNING * * *
You feel very mighty all of a sudden.
* * * LOW HITPOINT WARNING * * *
You feel sick. The dart slug launches a dart at you.
The slug dart hits something.
Something hits you but does no damage.
You are more poisoned.
You barely miss something.
* * * LOW HITPOINT WARNING * * *
You feel very sick. Something hits you but does no damage.
You barely miss something.
You die...

#########......#.#######.#
..........##.............#
#########.##.###)#########
#..#......).......
##.#..##.#########
#.#.....# #..#.##.#
###########.#.##.#
..........)...##@#
###########.####{# ....##
......wo# #....#
###..###'##### #.#..#
##.#.......# #.#..#
.#.......# #.#..#
#.........# #.#..#
...#........# #.#..# ..
#........#


You could see a dart slug and an orc.

Vanquished Creatures
  Robin (D:2)
  2 adders (D:2)
  2 oozes
  A worm (D:2)
  A leopard gecko (D:2)
  An orc (D:2)
  A ball python (D:1)
  A giant cockroach (D:1)
  10 goblins
  3 hobgoblins
  3 bats (D:1)
  4 kobolds
  3 rats
33 creatures vanquished.

Notes
Turn   | Place    | Note
-------+----------+-------------------------------------------
     0 | D:1      | Gabide the Kobold Fighter began the quest for the Orb.
     0 | D:1      | Reached XP level 1. HP: 14/14 MP: 1/1
   254 | D:1      | Reached XP level 2. HP: 19/19 MP: 2/2
   704 | D:1      | Reached XP level 3. HP: 23/23 MP: 3/3
   992 | D:2      | Noticed Robin
  1000 | D:2      | Killed Robin
  1211 | D:2      | Reached skill level 1 in Dodging
  1211 | D:2      | Reached XP level 4. HP: 29/29 MP: 4/4
  1431 | D:2      | HP: 1/29 [poisoned by an orc wizard]
  1436 | D:2      | Succumbed to an orc wizard's poison

Levels and vault maps discovered:
D:1:      dpeg_arrival_pits, layout_loops_ring
D:2:      layout_basic, overflow_temple_1_default, minmay_circle_x, uniq_robin

Skill      XL: |  1  2  3 |
---------------+----------+-----
Maces & Flails | 2 |  2.7
Dodging        | 1 |  1.1
Fighting       | |  3.6
Armour         | |  2.8
Shields        | |  2.9

Action                   |  1- 3 |  4- 6 || total
-------------------------+-------+-------++-------
Melee: Flail             |    99 |    36 ||   135
  Use: Potion            |       |     3 ||     3
       Scroll            |       |     1 ||     1
  Eat: Chunk             |     9 |     1 ||    10
Armor: Scale mail        |    46 |    17 ||    63
Dodge: Dodged            |    42 |    14 ||    56
Block: Shield            |    52 |    13 ||    65
